 Dungeon Sprint DCSS version 0.31-a0-841-g038b102fc3 (webtiles) character file.

Game seed: 11196973732397176101

17496 sircluck the Brawler (level 12, -5/140 HPs)
             Began as a Troll Berserker on Sept 27, 2023.
             Was the Champion of Trog.
             Slain by an ice devil (24 damage)
             ... in the Dungeon (Sprint VII: "The Pits").
             The game lasted 00:06:45 (1903 turns).

sircluck the Brawler (Troll Berserker)              Turns: 1903, Time: 00:06:46

Health: -5/140     AC:  9    Str: 32    XL:     12   Next: 19%
Magic:  11/11      EV: 16    Int:  3    God:    Trog [******]
Gold:   52         SH:  0    Dex: 15    Spells: 11/11 levels left

rFire   + .          .
                       - Unarmed
rCold   x . .        (no shield)
rNeg    . . .        g - +0 troll leather armour
rPois   .            (helmet restricted)
rElec   .            (no cloak)
rCorr   .            (gloves unavailable)
SInv    .            (boots unavailable)
Will    .....        (no amulet)
Stlth   +            l - +3 ring of protection
HPRegen 2.03/turn    x - ring of Xetsohif {Fire Dex+6}
MPRegen 0.12/turn

%: no teleportation
@: on berserk cooldown, slowed, very slow
A: large, unfitting armour, claws 3, regeneration 1, shaggy fur 1, tough skin 1
a: Renounce Religion, Berserk, Trog's Hand, Brothers in Arms


You were in the Dungeon.
You worshipped Trog.
Trog was exalted by your worship.
You visited 1 branch You collected 52 gold pieces.

Inventory:

Missiles
 n - 7 javelins
 o - 3 large rocks
Armour
 a - a +0 animal skin
 g - a +0 troll leather armour (worn)
 k - a +0 troll leather armour
Jewellery
 l - a +3 ring of protection (left claw)
 m - a +3 ring of protection
 w - a ring of see invisible
 x - the ring of Xetsohif (right claw) {Fire Dex+6}
   (You found it in the Dungeon)

   [ring of fire]

   Fire:      It enhances your fire magic.
   Dex+6:     It affects your dexterity (+6).
   rF+:       It protects you from fire.
   rC-:       It makes you vulnerable to cold.
Scrolls
 i - 2 scrolls of vulnerability
 j - a scroll of butterflies
 p - a scroll of fog
 q - 4 scrolls of enchant weapon
 r - 6 scrolls of identify
 t - 2 scrolls of blinking
 u - 4 scrolls of enchant armour
 y - a scroll of revelation
Potions
 b - 10 potions of curing
 c - 6 potions of heal wounds
 d - 2 potions of haste
 e - 4 potions of magic
 f - 7 potions of berserk rage
 h - 2 potions of invisibility
 s - a potion of mutation
 v - 2 potions of might


   Skills:
 + Level 14.4 Fighting
 + Level 11.6 Armour
 + Level 14.3 Dodging
 + Level 16.8 Unarmed Combat


You had 11 spell levels left.
You didn't know any spells.
Your spell library was empty.

Dungeon Overview and Level Annotations

Branches:
Dungeon (1/1)

Altars:
Ashenzari
Cheibriados
Dithmenos
Elyvilon
Fedhas
Gozag
Hepliaklqana
Kikubaaqudgha
Makhleb
Nemelex Xobeh
Okawaru
Qazlal
Ru
Sif Muna
Trog
Uskayaw
Vehumet
Wu Jian
Xom
Yredelemnul
Zin
The Shining One
Jiyva
Lugonu


Innate Abilities, Weirdness & Mutations

You are too large for most types of armour.
You have claws for hands.
Your natural rate of healing is unusually fast.
You are covered in fur. (AC +1)
You have tough skin. (AC +1)


Message History

You are too injured to fight recklessly!
You are too injured to fight recklessly!
You are too injured to fight recklessly!
The wind drake bites you.
You barely miss the wind drake. Your claw misses the wind drake.
The wind drake bites you! The wind drake barely misses you.
You scratch the wind drake but do no damage.
The wind drake misses you.
You barely miss the wind drake. Your claw misses the wind drake.
The wind drake flaps its wings at you. The air twists around and strikes you!
You claw the wind drake!
The wind drake is lightly wounded.
The ice devil completely misses you.
The wind drake exhales a fierce blast of wind!
The ice devil is knocked back by the gust of wind.
You are knocked back by the gust of wind.
The wind drake barely misses you.
You barely miss the wind drake. You claw the wind drake!
The wind drake is moderately wounded.
The wind drake bites you but does no damage.
You claw the wind drake!
The wind drake is heavily wounded.
The wind drake exhales a fierce blast of wind!
The ice devil is knocked back by the gust of wind.
You are knocked back by the gust of wind.
The ice devil hits you!
* * * LOW HITPOINT WARNING * * *
The ice devil freezes you!!
You feel a terrible chill!
* * * LOW HITPOINT WARNING * * *
You claw the ice devil!
The ice devil is heavily wounded.
The ice devil misses you.
Unknown command.
You claw the ice devil!
The ice devil is almost dead.
The ice devil hits you!
* * * LOW HITPOINT WARNING * * *
The ice devil freezes you!!
You feel a terrible chill!
You die...

#####++##### #..........#
#..........# +..#....#..#
+..........# #...4......#
#############..#@...#..#
...........''...k......#
...........''..........#
#########..##..#....#..#
#..##..........+
#..##....).....+
#..####''####++#
#..####f'####++##########
#..##.)....##....).......


You could see a wind drake (repels missiles), a wandering mushroom and an ice
devil.

Vanquished Creatures
  A fire dragon (D)
  An eidolon (D)
  A merfolk aquamancer (D)
  A naga warrior (D)
  Urug (D)
  A shadow wraith (D)
  A salamander mystic (D)
  A cherub (D)
  A spriggan druid (D)
  2 deep trolls (D)
  A swamp dragon (D)
  A cyclops (D)
  A black mamba (D)
  A kobold demonologist (D)
  A komodo dragon (D)
  A guardian mummy (D)
  3 trolls (D)
  A hellwing (D)
  4 blink frogs (D)
  A shadow (D)
  A ynoxinul (D)
  5 yaks (D)
  A spriggan (D)
  A chaos spawn (D)
  Menkaure (D)
  An acid dragon (D)
  A naga (D)
  An ice beast (D)
  A water moccasin (D)
  3 orc warriors (D)
  A sky beast (D)
  A centaur (D)
  2 small abominations (D)
  A gnoll sergeant (D)
  3 killer bees (D)
  A quasit (D)
  3 orc priests (D)
  A hound (D)
  4 iron imps (D)
  Terence (D)
  An iguana (D)
  4 gnolls (D)
  A river rat (D)
  6 orcs (D)
  A bat zombie (D)
  A giant cockroach (D)
  3 hobgoblins (D)
  2 jackals (D)
  A quokka (D)
  A ball python (D)
  A frilled lizard (D)
  A giant cockroach zombie (D)
  4 kobolds (D)
  A rat (D)
88 creatures vanquished.

Vanquished Creatures (collateral kills)
  Saint Roka (D)
  Harold (D)
  Erica (D)
  An elephant (D)
  An orange demon (D)
  A rime drake (D)
  A wandering mushroom (D)
  2 hellwings (D)
  A tarantella (D)
  A vampire (D)
  Eustachio (D)
  A fire elemental (D)
  An orc warrior (D)
  An orc priest (D)
  A jelly (D)
  A hell rat (D)
  A white imp (D)
  4 orcs (D)
  A ball python (D)
  A kobold (D)
  A bat (D)
25 creatures vanquished.

Grand Total: 113 creatures vanquished

Notes
Turn   | Place    | Note
-------+----------+-------------------------------------------
     0 | D        | sircluck the Troll Berserker began the quest for the Orb.
     0 | D        | Reached XP level 1. HP: 22/22 MP: 0/0
    11 | D        | Noticed a black mamba
    11 | D        | Noticed an orc warrior
    11 | D        | Noticed an orc priest
    11 | D        | Noticed an orc priest
    15 | D        | Killed an orc priest
    16 | D        | Reached skill level 4 in Unarmed Combat
    16 | D        | Reached XP level 2. HP: 24/32 MP: 1/1
    16 | D        | Reached XP level 3. HP: 29/39 MP: 2/2
    21 | D        | Killed a black mamba
    22 | D        | Reached skill level 8 in Unarmed Combat
    22 | D        | Reached XP level 4. HP: 33/55 MP: 3/3
    22 | D        | Reached XP level 5. HP: 37/62 MP: 4/4
    22 | D        | Reached XP level 6. HP: 42/71 MP: 5/5
    22 | D        | Reached ** piety under Trog
    30 | D        | Killed an orc warrior
    35 | D        | Reached skill level 9 in Unarmed Combat
   101 | D        | Found a bloodstained altar of Trog.
   101 | D        | Found a shimmering blue altar of Sif Muna.
   101 | D        | Found a viscous altar of Jiyva.
   101 | D        | Found a hazy altar of Hepliaklqana.
   101 | D        | Found an opulent altar of Gozag.
   102 | D        | Found a glowing golden altar of the Shining One.
   102 | D        | Found a glowing silver altar of Zin.
   102 | D        | Found a basalt altar of Yredelemnul.
   102 | D        | Found a shimmering altar of Xom.
   102 | D        | Found an ornate altar of the Wu Jian Council.
   102 | D        | Found a sacrificial altar of Ru.
   102 | D        | Found a stormy altar of Qazlal.
   102 | D        | Found an iron altar of Okawaru.
   102 | D        | Found a sparkling altar of Nemelex Xobeh.
   102 | D        | Found a burning altar of Makhleb.
   102 | D        | Found a blossoming altar of Fedhas.
   102 | D        | Found a white marble altar of Elyvilon.
   102 | D        | Found a shadowy altar of Dithmenos.
   102 | D        | Found a snail-covered altar of Cheibriados.
   104 | D        | Found a radiant altar of Vehumet.
   104 | D        | Found a corrupted altar of Lugonu.
   105 | D        | Found a hide-covered altar of Uskayaw.
   105 | D        | Found an ancient bone altar of Kikubaaqudgha.
   105 | D        | Found a broken altar of Ashenzari.
   142 | D        | Reached *** piety under Trog
   177 | D        | Reached **** piety under Trog
   232 | D        | Noticed a sky beast
   242 | D        | Reached XP level 7. HP: 79/79 MP: 6/6
   243 | D        | Reached ***** piety under Trog
   296 | D        | Reached skill level 10 in Unarmed Combat
   296 | D        | Noticed a troll
   303 | D        | Killed a troll
   339 | D        | Received a gift from Trog
   340 | D        | Reached skill level 1 in Armour
   340 | D        | Reached XP level 8. HP: 81/92 MP: 7/7
   349 | D        | Noticed a deep troll
   361 | D        | Killed a deep troll
   362 | D        | Reached skill level 11 in Unarmed Combat
   466 | D        | Noticed a blink frog
   467 | D        | Noticed a blink frog
   500 | D        | Reached ****** piety under Trog
   515 | D        | Received a gift from Trog
   515 | D        | Noticed a blink frog
   520 | D        | Killed a blink frog
   520 | D        | Noticed a blink frog
   521 | D        | Reached skill level 10 in Fighting
   523 | D        | Reached XP level 9. HP: 90/101 MP: 8/8
   546 | D        | Reached skill level 10 in Dodging
   548 | D        | Reached skill level 12 in Unarmed Combat
   549 | D        | Reached skill level 5 in Armour
   598 | D        | Received a gift from Trog
   626 | D        | Noticed a hellwing
   626 | D        | Noticed Urug
   636 | D        | Killed a hellwing
   643 | D        | Killed Urug
   700 | D        | Noticed Terence
   701 | D        | Noticed a komodo dragon
   701 | D        | Noticed Menkaure
   705 | D        | Killed Terence
   708 | D        | Noticed a kobold demonologist
   709 | D        | Killed a komodo dragon
   709 | D        | Received a gift from Trog
   710 | D        | Reached skill level 13 in Unarmed Combat
   720 | D        | Killed a shadow wraith
   721 | D        | Reached XP level 10. HP: 56/114 MP: 9/9
   723 | D        | Killed Menkaure
   736 | D        | Received a gift from Trog
   917 | D        | Reached skill level 14 in Unarmed Combat
   930 | D        | Received a gift from Trog
   975 | D        | Noticed a deep troll
   976 | D        | Noticed a spriggan druid
   982 | D        | Killed a deep troll
   986 | D        | Killed a spriggan druid
  1164 | D        | Noticed a cyclops
  1175 | D        | Killed a cyclops
  1176 | D        | Reached XP level 11. HP: 102/124 MP: 10/10
  1220 | D        | Noticed a naga warrior
  1220 | D        | Noticed a salamander mystic
  1229 | D        | Identified the +8 executioner's axe of Reinforcement
                  | {antimagic, rF++} (Trog gifted it to you in the Dungeon)
  1229 | D        | Received a gift from Trog
  1235 | D        | Killed a salamander mystic
  1239 | D        | Killed a naga warrior
  1240 | D        | Reached skill level 15 in Unarmed Combat
  1358 | D        | Noticed Saint Roka
  1370 | D        | Received a gift from Trog
  1376 | D        | Noticed a swamp dragon
  1380 | D        | Killed a swamp dragon
  1388 | D        | Received a gift from Trog
  1393 | D        | Reached skill level 10 in Armour
  1399 | D        | Killed Saint Roka
  1472 | D        | Noticed Erica
  1472 | D        | Noticed Eustachio
  1478 | D        | Received a gift from Trog
  1481 | D        | Killed Erica
  1482 | D        | Reached skill level 16 in Unarmed Combat
  1488 | D        | Killed Eustachio
  1488 | D        | Received a gift from Trog
  1492 | D        | Noticed Harold
  1500 | D        | Killed Harold
  1701 | D        | Got the ring of Xetsohif {Fire Dex+6}
  1863 | D        | Noticed a cherub
  1863 | D        | Noticed a fire dragon
  1863 | D        | Noticed an eidolon
  1863 | D        | Noticed a merfolk aquamancer
  1863 | D        | Received a gift from Trog
  1864 | D        | Reached XP level 12. HP: 139/139 MP: 11/11
  1874 | D        | Killed a fire dragon
  1879 | D        | Killed an eidolon
  1891 | D        | Killed a merfolk aquamancer
  1903 | D        | Slain by an ice devil

Illustrated notes

Levels and vault maps discovered:
D:        pitsprint [storerooms_1, entrance_room_1, metal_vault_4, armoury_1,
          mini_pit_1, grid_room_1, main_hall_1, silver_pit, the_coven_1,
          the_vestibule_1, steel_vault_3, golden_pit, hallway_of_sentries,
          crystal_vault_1, iron_vault_5, final_vault]

Skill      XL: |  1  2  3  4  5  6  7  8  9 10 11 |
---------------+----------------------------------+-----
Fighting       | 3 7 9 10 11 12 14 | 14.4
Dodging        | 3 6 7 8 9 11 12 14 | 14.3
Unarmed Combat | 4 8 9 10 11 13 14 16 | 16.8
Armour         | 1 4 7 9 11 | 11.6

Action                     |  1- 3 |  4- 6 |  7- 9 | 10-12 || total
---------------------------+-------+-------+-------+-------++-------
  Melee: Unarmed           |     8 |    39 |   117 |   131 ||   295
         Punch             |       |       |     4 |     9 ||    13
 Invoke: Berserk           |     1 |       |     1 |     5 ||     7
         Brothers in Arms  |       |       |       |     5 ||     5
    Use: Potion            |       |       |     3 |     3 ||     6
         Scroll            |       |       |     1 |       ||     1
 Armour: Animal skin       |     6 |    20 |    20 |       ||    46
         Troll leather arm |       |       |    79 |   116 ||   195
  Dodge: Dodged            |     6 |    15 |    61 |    93 ||   175

Table legend: (Time is in decaauts)
 A = Elapsed time spent in this place.
 B = Non-inter-level travel time spent in this place.
 C = Inter-level travel time spent in this place.
 D = Time resting spent in this place.
 E = Time spent auto-exploring this place.
 F = Levels seen in this place.
 G = Mean time per level.
                   A        B        C        D        E       F      G
               +--------+--------+--------+--------+--------+-----+--------+
         Total |   1927 |   1738 |    189 |    590 |    150 |   1 | 1927.0 |
       Dungeon |   1927 |   1738 |    189 |    590 |    150 |   1 | 1927.0 |
               +--------+--------+--------+--------+--------+-----+--------+

Top non-repeatable levels by time:
       D: 1927 daAuts
